 Dungeon Crawl Stone Soup version 0.29-a0-998-g1987434951 (webtiles) character file.

Game seed: 4215380621367098444

203 kae the Firebug (level 5, 0/29 HPs)
             Began as a Deep Elf Fire Elementalist on Aug 5, 2022.
             Slain by a shadow (29 damage)
             ... on level 5 of the Dungeon.
             The game lasted 00:03:07 (4615 turns).

kae the Firebug (Deep Elf Fire Elementalist)        Turns: 4615, Time: 00:03:07

Health: 0/29       AC:  3    Str:  5    XL:     5   Next: 51%
Magic:  13/13      EV: 12    Int: 22    God:
Gold:   253        SH:  5    Dex: 15    Spells: 3/12 levels left

rFire   . . .      SeeInvis .   (no weapon)
rCold   . . .      Faith    .   (no shield)
rNeg    . . .      Spirit   .   a - +1 robe
rPois   .          Reflect  +   (no helmet)
rElec   .          Harm     .   (no cloak)
rCorr   .          Rampage  .   (no gloves)
Will    .....                   (no boots)
Stlth   ++........              d - amulet of reflection
HPRegen 0.09/turn               (no ring)
MPRegen 0.13/turn               (no ring)

@: no status effects
A: no striking features
a: no special abilities


You were on level 5 of the Dungeon.
You visited 1 branch of the dungeon, and saw 5 of its levels.

You collected 253 gold pieces.


   Skills:
 + Level 1.4 Fighting
 - Level 2.4 Dodging
 - Level 2.4 Stealth
 + Level 4.1 Spellcasting
 * Level 3.4 Conjurations
 + Level 1.4 Hexes
 * Level 4.6 Fire Magic


You had 3 spell levels left.
You knew the following spells:

 Your Spells              Type           Power      Damage    Failure   Level
a - Foxfire               Conj/Fire      88%        2x1d8     2%          1
b - Scorch                Fire           48%        2d7       2%          2
c - Conjure Flame         Conj/Fire      22%        6-21      6%          3
d - Inner Flame           Hex/Fire       17%        N/A       10%         3

Your spell library contained the following spells:

 Spells                   Type           Power      Damage    Failure   Level
 Necrotise                Necr           16%        1d4       11%         1
 Sandblast                Erth           8%         2d5       11%         1
 Stone Arrow              Conj/Erth      24%        3d8       16%         3
 Passwall                 Tmut/Erth      3%         N/A       17%         2
 Summon Guardian Golem    Hex/Summ       7%         N/A       24%         3
 Ozocubu's Armour         Ice            4%         N/A       32%         3
 Vampiric Draining        Necr           4%         2d6       32%         3
 Flame Wave               Conj/Fire      22%        2d8       22%         4
 Metabolic Englaciation   Hex/Ice        3%         N/A       92%         5
 Agony                    Necr           4%         N/A       97%         5
 Simulacrum               Ice/Necr       2%         N/A       100%        6
 Orb of Destruction       Conj           9%         9d6       100%        7
 Spellforged Servitor     Conj/Summ      6%         N/A       100%        7

Inventory:

Missiles
 g - 37 stones
 i - 3 boomerangs
 n - 5 javelins
 p - a throwing net {=f!f}
Armour
 a - a +1 robe (worn)
Magical Staves
 f - a staff of conjuration {!a}
   (You found it on level 1 of the Dungeon)
Jewellery
 d - an amulet of reflection (around neck)
   (You found it on level 1 of the Dungeon)
 r - an amulet of magic regeneration
   (You found it on level 3 of the Dungeon)
 C - a ring of ice
   (You found it on level 2 of the Dungeon)
 I - a +6 ring of intelligence
   (You took it off an orc on level 4 of the Dungeon)
Wands
 m - a wand of mindburst (14)
   (You found it on level 3 of the Dungeon)
Scrolls
 c - 2 scrolls of vulnerability {!r!r}
 e - 2 scrolls of identify {@r1}
Potions
 b - 2 potions of magic
 h - a potion of flight
 j - 2 potions of mutation {!q}
 k - a potion of heal wounds {@q2}
 l - 2 potions of might
 o - 2 potions of curing {@q1}
 q - a potion of lignification {!q}
 s - a potion of resistance

Dungeon Overview and Level Annotations

Branches:
Dungeon (5/15) Zot: 25371
 Temple: D:4-7

Altars:
Elyvilon

Annotations:
D:5 exclusion: lemure, Blork the orc, Pikel

#####..# #.....#
#####..
###...####......#
#.<.#####..#
###.#.......##
#......########
####.### #....#
###.#####....#
#...5....[@{.#
#.#####.#5........
#Y# .......####
#.# #..###...# #Y#
#..#5 #..# #.##.K#
# ..# #5#5.# ..#
#...# ..# #.l#.#


You could see Pikel, 2 lemures and a white imp.


Message History

Done exploring.
Done exploring.
Done exploring.
(D) Dungeon
Where to? (Enter - D:4, ? - help)
You see here a +0 club.
There is a stone staircase leading down here.
You climb downwards.
The gnoll shouts!
You hear a shout!
The gnoll shouts! x2
The gnoll bouda shouts!
Found 6 stones.
Found a stone staircase leading down.
There is a stone staircase leading up here.
There are monsters nearby!
There are monsters nearby!
There are monsters nearby!
There are monsters nearby!
Casting: Foxfire (safe; 2% risk of failure)
Confirm with . or Enter, or press ? or * to list all spells.
You conjure some foxfire!
The foxfire hits the gnoll.
The foxfire hits the gnoll bouda.
The gnoll throws a throwing net.
The throwing net barely misses you.
A white imp comes into view. 😎 MP[-1]
You lost 1 mp, and now have 12/13 mp.
p - a throwing net {=f!f} The gnoll bouda gazes fiercely through you!
You feel your attacks grow feeble. The white imp gestures at you.
The puff of frost hits you!
You climb upwards.
There is a stone staircase leading down here. 😮 HP[-8]
You take 8 damage, and now have 21/29 hp.
MASSIVE DAMAGE!! (PAUSE) Unknown command.
Your attacks no longer feel as feeble.
Done exploring. 😕 HP[+3] MP[+1]
You regained 3 hp, and now have 24/29 hp.
Your mp is fully restored (13).
Done exploring.
You see here a +0 club.
There is a stone staircase leading down here. 😕 HP[+4]
You regained 4 hp, and now have 28/29 hp.
You climb downwards.
There is a stone staircase leading up here.
Blork the orc comes into view.
He is wielding a +0 hand axe. 😎 HP[+1]
Your hp is fully restored (29).
Unknown command.
Press: ? - help, v - describe, . - travel
Here: Blork the orc, wielding a +0 hand axe and wearing a +0 robe (asleep)
The floor.
Placed new exclusion.
Found a stone staircase leading up.
You pick up a book of Geomancy and begin reading...
You add the spells Sandblast, Passwall and Stone Arrow to your library.
A lemure comes into view.
A lemure is nearby!
A lemure is nearby!
Press: ? - help, v - describe, . - travel
Here: a lemure (asleep)
The floor.
Placed new exclusion.
A white imp comes into view.
A white imp is nearby!
A white imp is nearby!
A white imp is nearby!
Casting: Foxfire (safe; 2% risk of failure)
Confirm with . or Enter, or press ? or * to list all spells.
You conjure some foxfire!
The foxfire hits the white imp.
The white imp is burned terribly!
The white imp shouts!
You hear an angry hiss.
You hear a bellow!
You hear a shout! x3 😎 MP[-1]
You lost 1 mp, and now have 12/13 mp.
A yak comes into view.
A wyvern comes into view. 😎 MP[+1]
Your mp is fully restored (13).
There is a stone staircase leading up here.
You climb upwards.
There is a stone staircase leading down here.
There is a stone staircase leading down here.
You climb downwards.
Level annotation: exclusion: lemure, Blork the orc The lemure shouts!
Pikel shouts!
You hear a shout!
A lemure comes into view.
The shadow slips into darkness.
The shadow flickers and vanishes!
Deactivating autopickup; reactivate with Ctrl-A.
The white imp shouts, "Remove thy stench, thou hateful kobold-kissing boar-pig!"
The white imp gestures at you. The puff of frost misses you.
There is a stone staircase leading up here.
The shadow strikes at you from the darkness!
Ouch! That really hurt!
You die...

Skill      XL: |  1  2  3  4  5 |
---------------+----------------+-----
Conjurations   | 2 3 |  3.4
Fire Magic     | 4 |  4.6
Fighting       | 1 |  1.4
Spellcasting   | 4 |  4.1
Hexes          | 1 |  1.4
Dodging        | |  2.4
Stealth        | |  2.4

Action                   |  1- 3 |  4- 6 || total
-------------------------+-------+-------++-------
 Cast: Foxfire           |    56 |    57 ||   113
       Scorch            |    13 |     5 ||    18
  Use: Scroll            |     7 |     8 ||    15
Armor: Robe              |     6 |     1 ||     7
Dodge: Dodged            |     9 |     9 ||    18
Block: Other             |     5 |     2 ||     7

Levels and vault maps discovered:
D:1:      ebering_hopf_link, layout_loops_corners, lemuel_flame_loot_1
D:2:      layout_rooms, dreamdust_ecumenical_altar_drowned_temple,
          kennysheep_generic_room_15
D:3:      minmay_general_purpose_star, layout_loops_corners
D:4:      layout_loops_ring, elyvilon_altar_3, uniq_robin
D:5:      layout_rooms, gammafunk_ghost_split, serial_shops, nicolae_shop_trees,
          minmay_manual_mail, uniq_pikel, uniq_blork_the_orc

Notes
Turn   | Place    | Note
-------+----------+-------------------------------------------
     0 | D:1      | kae the Deep Elf Fire Elementalist began the quest for the
                  | Orb.
     0 | D:1      | Reached XP level 1. HP: 10/10 MP: 6/6
     0 | D:1      | magus.rc [v1.11.3]
   523 | D:1      | Reached XP level 2. HP: 15/15 MP: 6/8
   932 | D:1      | Learned a level 2 spell: Scorch
  1381 | D:2      | Reached skill level 2 in Conjurations
  1664 | D:2      | Found a faded altar of an unknown god.
  1755 | D:2      | Reached XP level 3. HP: 20/20 MP: 4/9
  2247 | D:3      | You pick up a book of Necromancy and begin reading...
  2247 | D:3      | You add the spells Necrotise, Vampiric Draining and Agony
                  | to your library.
  2350 | D:3      | You pick up a book of Winter and begin reading...
  2350 | D:3      | You add the spells Ozocubu's Armour, Metabolic Englaciation
                  | and Simulacrum to your library.
  2553 | D:3      | Reached skill level 4 in Fire Magic
  3180 | D:4      | Reached XP level 4. HP: 23/24 MP: 4/11
  3395 | D:4      | Reached skill level 1 in Fighting
  3569 | D:4      | Learned a level 3 spell: Conjure Flame
  3573 | D:4      | Learned a level 3 spell: Inner Flame
  3616 | D:4      | Noticed Robin
  3664 | D:4      | Reached skill level 4 in Spellcasting
  3664 | D:4      | Reached skill level 3 in Conjurations
  3664 | D:4      | Reached XP level 5. HP: 29/29 MP: 8/13
  3857 | D:4      | Found a white marble altar of Elyvilon.
  3932 | D:4      | Reached skill level 1 in Hexes
  4036 | D:4      | Found the +3 salamander hide armour {Flames rF++ rC--}
  4141 | D:4      | Killed Robin
  4176 | D:4      | You pick up a book of Dangerous Friends and begin
                  | reading...
  4176 | D:4      | You add the spells Summon Guardian Golem, Orb of
                  | Destruction and Spellforged Servitor to your library.
  4223 | D:4      | Identified the +7 long sword of Haluoh {vorpal, *Rage rCorr
                  | Int+2}
  4439 | D:5      | Entered Level 5 of the Dungeon
  4530 | D:5      | Noticed Blork the orc
  4553 | D:5      | You pick up a book of Geomancy and begin reading...
  4553 | D:5      | You add the spells Sandblast, Passwall and Stone Arrow to
                  | your library.
  4554 | D:5      | Noticed a lemure
  4571 | D:5      | Noticed a yak
  4572 | D:5      | Noticed a wyvern
  4614 | D:5      | Noticed a shadow
  4614 | D:5      | Noticed Pikel
  4614 | D:5      | Noticed a lemure
  4615 | D:5      | Slain by a shadow

Vanquished Creatures
  A howler monkey (D:4)
  An iguana (D:4)
  Robin (D:4)
  4 adders
  2 worms
  2 dart slugs
  7 orcs (D:4)
  5 ball pythons
  5 endoplasms
  A giant cockroach (D:4)
  14 goblins
  8 hobgoblins
  4 jackals
  A quokka (D:4)
  2 bats
  7 kobolds
  4 rats
  A spectral hobgoblin (D:2)
70 creatures vanquished.

Vanquished Creatures (others)
  185 foxfires
185 creatures vanquished.

Grand Total: 255 creatures vanquished

Table legend:
 A = Non-vault XP
 B = Vault XP
 C = Vault XP percentage of total XP
 D = Non-vault monster count
 E = Vault monster count
 F = Vault count percentage of total count
                 A         B        C        D         E       F
            +---------+---------+-------+---------+---------+-------
      Total |     233 |      58 |  19.9 |      51 |      19 |  27.1
            +---------+---------+-------+---------+---------+-------
        D:1 |      26 |       0 |   0.0 |      14 |       0 |   0.0
        D:2 |      19 |       4 |  17.4 |       9 |       3 |  25.0
        D:3 |      31 |      16 |  34.0 |       8 |       3 |  27.3
        D:4 |     157 |      38 |  19.5 |      20 |      13 |  39.4
            +---------+---------+-------+---------+---------+-------

Illustrated notes

Table legend:
 A = Kills in this place as a percentage of kills in entire the game.
 B = Kills by you in this place as a percentage of kills by you in the entire game.
 C = Kills by friends in this place as a percentage of kills by friends in the entire game.
 D = Other kills in this place as a percentage of other kills in the entire game.
 E = Experience gained in this place as a percentage of experience gained in the entire game.
 F = Experience gained in this place divided by the number of levels of this place that you have seen.
                   A       B       C       D       E      F
               +-------+-------+-------+-------+-------+----------------------
         Total | 100.0 | 100.0 |   N/A |   N/A | 100.0 |  58.2
       Dungeon | 100.0 | 100.0 |   N/A |   N/A | 100.0 |  58.2
               +-------+-------+-------+-------+-------+----------------------

Table legend: (Time is in decaauts)
 A = Elapsed time spent in this place.
 B = Non-inter-level travel time spent in this place.
 C = Inter-level travel time spent in this place.
 D = Time resting spent in this place.
 E = Time spent auto-exploring this place.
 F = Levels seen in this place.
 G = Mean time per level.
                   A        B        C        D        E       F      G
               +--------+--------+--------+--------+--------+-----+--------+
         Total |   4628 |   4379 |    249 |    196 |   3672 |   5 |  925.6 |
       Dungeon |   4628 |   4379 |    249 |    196 |   3672 |   5 |  925.6 |
               +--------+--------+--------+--------+--------+-----+--------+

Top non-repeatable levels by time:
     D:1: 1335 daAuts
     D:4: 1299 daAuts
     D:3: 1241 daAuts
     D:2: 682 daAuts
     D:5: 69 daAuts
